AoeStats
← [KMNB] Bandeira

African Clearing

505301037Analyzed
2v2 RM · 25d ago on Sep 8, 2026· 16m 23s· 4 players
Game mode
Random Map
Map size
Medium (4 player)
Population
200
Speed
Normal
Resources
Standard
Victory
Conquest
Starting age
Dark Age
Ending age
Imperial Age
RankedLock teamsTeams togetherTeam positionsShared explorationLock speedFull tech treeHidden civsTurbo modeCheats
Victory
Defeat
🇧🇷 Persians · Brazil
1589
+12
🇧🇷 Huns · Brazil
1519
+15
🇪🇸 Teutons · Spain
1514
-14
🇨🇳 Mapuche · China
1497
-13
表哥
12:57 Feudal Age
14:03 Loom
16:57 Castle Age
15:33 Double-Bit Axe
Flow
5:35 Loom
[KMNB] Dedão
4:15 Loom
12:15 Feudal Age
17:11 Castle Age
15:24 Double-Bit Axe
16:35 Gold Mining
16:27 Horse Collar
[KMNB] Bandeira
7:41 Loom
11:41 Feudal Age
Connection lost

Rejoining the realm…

Still unreachable

The connection could not be restored.

Session expired

The server has moved on; the page needs a fresh start.